 Dungeon Crawl Stone Soup version 0.30.0 (webtiles) character file.

Game seed: 7967732190418324089

344 Persephone the Chopper (level 6, -2/37 HPs)
             Began as a Gargoyle Fighter on May 6, 2023.
             Slain by an ogre
             ... wielding a +0 giant spiked club
              (28 damage)
             ... on level 4 of the Dungeon.
             The game lasted 00:03:05 (2314 turns).

Persephone the Chopper (Gargoyle Fighter)           Turns: 2314, Time: 00:03:06

Health: -2/37      AC: 11    Str: 29    XL:     6   Next: 58%
Magic:  6/6        EV:  9    Int:  8    God:
Gold:   67         SH:  4    Dex:  9    Spells: 5/5 levels left

rFire   . . .        a - +0 war axe
rCold   . . .        c - +0 buckler
rNeg    + + .        b - +0 scale mail
rPois   ∞            (no helmet)
rElec   +            (no cloak)
rCorr   .            (no gloves)
SInv    .            (no boots)
Will    +....        (no amulet) Stlth
                     t - ring "Watinut" {Will+ Str+7}
HPRegen 0.26/turn    n - ring of positive energy
MPRegen 0.10/turn

%: no passive effects
@: no status effects
A: sickness immunity, AC +4, negative energy resistance 1, electricity
resistance, torment resistance 1, petrification resistance
a: no special abilities


You were on level 4 of the Dungeon.
You visited 1 branch of the dungeon, and saw 4 of its levels.

You collected 67 gold pieces.

Inventory:

Hand Weapons
 a - a +0 war axe (weapon)
Armour
 b - a +0 scale mail (worn)
 c - a +0 buckler (worn)
Jewellery
 n - a ring of positive energy (right hand)
 t - the ring "Watinut" (left hand) {Will+ Str+7}
   (You found it on level 4 of the Dungeon)

   [ring of willpower]

   Str:       It affects your strength (+7).
   Will:      It increases your willpower.
Wands
 r - a wand of paralysis (8)
Scrolls
 g - a scroll of amnesia {unknown}
 j - a scroll of teleportation
 l - a scroll of brand weapon {unknown}
 p - a scroll of enchant weapon {unknown}
 q - a scroll of fear
 s - a scroll of vulnerability {unknown}
 v - a scroll of identify
Potions
 d - a potion of might
 e - a potion of lignification {unknown}
 f - a potion of ambrosia
 h - a potion of flight {unknown}
 i - 2 potions of brilliance {unknown}
 k - 2 potions of attraction {unknown}
 m - 2 potions of heal wounds {unknown}
 o - 2 potions of berserk rage {unknown}
 u - a potion of degeneration {unknown}
 w - a potion of cancellation {unknown}


   Skills:
 - Level 3.4 Fighting
 + Level 6.0 Axes
 - Level 3.4 Armour
 - Level 3.4 Shields


You had 5 spell levels left.
You didn't know any spells.
Your spell library contained the following spells:

 Spells                   Type           Power      Damage    Failure   Level
 Freeze                   Ice            0%         1d3       71%         1
 Necrotise                Necr           0%         1d4       71%         1
 Frozen Ramparts          Ice            0%         1d1       97%         3
 Hailstorm                Conj/Ice       0%         3d3       97%         3
 Vampiric Draining        Necr           0%         2d6       97%         3
 Ice Form                 Ice/Tmut       0%         N/A       100%        4
 Summon Ice Beast         Ice/Summ       0%         N/A       100%        4
 Agony                    Necr           0%         N/A       100%        5


Dungeon Overview and Level Annotations

Branches:
Dungeon (4/15)
 Temple: D:4-7

Altars:
Sif Muna


Innate Abilities, Weirdness & Mutations

You are immune to sickness and miasma.
Your stone body is resilient. (AC +4)
You are immune to poison.
You resist negative energy. (rN+)
You are resistant to electric shocks. (rElec)
You are resistant to unholy torment.
You are immune to petrification.


Message History

The ogre barely misses you.
The howler monkey hits you but does no damage.
You barely miss the ogre.
The ogre is moderately wounded.
You closely miss the howler monkey.
The howler monkey hoots and howls with incredible vigour!
The ogre hits you with a +0 giant spiked club!
You hear a shout! x2
You slice the ogre!!
You kill the ogre!
You slash the howler monkey! The howler monkey barely misses you. x2
You slice the howler monkey!!
You kill the howler monkey!
An ogre comes into view. It is wielding a +0 giant spiked club.
Your Axes skill increases to level 6!
The ogre shouts!
Things that are here:
11 gold pieces; 4 stones You hit the ogre.
The ogre is lightly wounded.
The ogre hits you with a +0 giant spiked club.
You are too injured to fight recklessly!
You are too injured to fight recklessly!
You are too injured to fight recklessly!
You are too injured to fight recklessly!
You are too injured to fight recklessly!
You are too injured to fight recklessly!
You are too injured to fight recklessly!
You are too injured to fight recklessly!
You are too injured to fight recklessly!
You are too injured to fight recklessly!
You are too injured to fight recklessly!
You are too injured to fight recklessly!
You are too injured to fight recklessly!
An ogre is nearby!
You slash the ogre!
The ogre is severely wounded.
The ogre hits you with a +0 giant spiked club!!
Ouch! That really hurt!
You die...

...... ## #.....##### ..#
#.......#.###.####
#...............#
#....)...........
##..............
#......$.....# ...
#............## ..$.
..........@O...##....
.................).........
..... ............†........
.... ..................#
... ................### ..#
................$## ..# ...
#.......)......## ..#....
#..........[...# .....#
#.............#


You could see an ogre.

Vanquished Creatures
  A black bear (D:4)
  An ogre (D:4)
  A howler monkey (D:4)
  A hound (D:4)
  4 adders (D:2)
  3 worms (D:2)
  3 dart slugs
  5 endoplasms
  2 giant cockroaches (D:1)
  3 goblins
  A hobgoblin (D:3)
  11 jackals (D:1)
  4 quokkas
  3 ball pythons
  6 bats
  2 frilled lizards (D:2)
  7 kobolds
  3 rats
61 creatures vanquished.

Notes
Turn   | Place    | Note
-------+----------+-------------------------------------------
     0 | D:1      | Persephone the Gargoyle Fighter began the quest for the
                  | Orb.
     0 | D:1      | Reached XP level 1. HP: 14/14 MP: 1/1
    38 | D:1      | Reached XP level 2. HP: 12/19 MP: 2/2
    88 | D:1      | Reached skill level 2 in Axes
   550 | D:1      | Reached XP level 3. HP: 22/23 MP: 3/3
   833 | D:1      | Reached skill level 3 in Axes
   981 | D:2      | Found a shimmering blue altar of Sif Muna.
   981 | D:2      | Found a faded altar of an unknown god.
  1113 | D:2      | Reached XP level 4. HP: 28/28 MP: 4/4
  1232 | D:2      | Reached skill level 4 in Axes
  2165 | D:3      | You fall into a shaft and drop 1 floor!
  2168 | D:4      | Identified the ring "Watinut" {Will+ Str+7}
  2182 | D:4      | Noticed a black bear
  2190 | D:4      | Killed a black bear
  2191 | D:4      | Reached skill level 5 in Axes
  2191 | D:4      | Reached XP level 5. HP: 28/32 MP: 5/5
  2266 | D:4      | Reached XP level 6. HP: 33/37 MP: 6/6
  2310 | D:4      | Reached skill level 6 in Axes
  2314 | D:4      | Slain by an ogre

Illustrated notes

Levels and vault maps discovered:
D:1:      matt_arrival_debris, layout_loops_corners, chequers_jeans,
          nrook_mini_vaults, minivault_26
D:2:      layout_loops_corners, basic_altar, shapermc_ecumenical_altar_venn,
          grunt_ministairs_8
D:3:      layout_basic, old_standard_altar, gammafunk_ghost_mausoleum,
          uniq_grinder, uniq_jessica, uniq_sigmund
D:4:      layout_cave_pools, minmay_temple_entry_poolview

Skill      XL: |  1  2  3  4  5  6 |
---------------+-------------------+-----
Axes           | 2 3 5 6 |  6.0
Fighting       | |  3.4
Armour         | |  3.4
Shields        | |  3.4

Action                     |  1- 3 |  4- 6 || total
---------------------------+-------+-------++-------
  Melee: War axe           |   100 |    90 ||   190
    Use: Scroll            |     6 |       ||     6
 Armour: Scale mail        |    78 |    56 ||   134
  Dodge: Dodged            |    73 |    56 ||   129
  Block: Buckler           |    19 |    18 ||    37
